 Dungeon Crawl Stone Soup version 0.27-a0-931-g5a74e75d8f (webtiles) character file.

Game seed: 158101191402262466

5 Alarkh the Insei (level 1, 0/16 HPs)
             Began as a Demonspawn Gladiator on Apr 10, 2021.
             Slain by a kobold
             ... wielding a +0 club
              (3 damage)
             ... on level 1 of the Dungeon.
             The game lasted 00:00:09 (75 turns).

Alarkh the Insei (Demonspawn Gladiator)               Turns: 75, Time: 00:00:10

Health: 0/16       AC:  4    Str: 14    XL:     1   Next: 66%
Magic:  1/1        EV: 12    Int:  9    God:
Gold:   8          SH:  0    Dex: 14    Spells: 0/0 levels left

rFire    . . .     SeeInvis .     - Unarmed
rCold    . . .     Faith    .   (no shield)
rNeg     . . .     Spirit   .   a - +0 leather armour
rPois    .         Reflect  .   b - +0 helmet
rElec    .         Harm     .   (no cloak)
rCorr    .         Rampage  .   (no gloves)
Will     .....                  (no boots)
Stlth    +.........             (no amulet)
HPRegen  0.05/turn              (no ring)
MPRegen  0.07/turn              (no ring)

@: no status effects
A: no striking features
a: no special abilities


You were on level 1 of the Dungeon.
You visited 1 branch of the dungeon, and saw 1 of its levels.

You collected 8 gold pieces.

Inventory:

Missiles
 c - 3 throwing nets (quivered)
Armour
 a - a +0 leather armour (worn)
 b - a +0 helmet (worn)
Scrolls
 d - a scroll of identify {unknown}
 e - a scroll of acquirement {unknown}
 f - a scroll of teleportation {unknown}


   Skills:
 + Level 2.1 Fighting
 - Level 1.7 Throwing
 - Level 2.6 Dodging
 * Level 2.9 Unarmed Combat


You couldn't memorise any spells.
You didn't know any spells.
Your spell library was empty.

Dungeon Overview and Level Annotations

Branches:
Dungeon (1/15)

Altars:


Message History

A frilled lizard comes into view.
The frilled lizard hisses angrily.
A kobold comes into view. It is wielding a +0 dagger.
A goblin comes into view. It is wielding a +0 club.
The goblin shouts!
You hear a shout!
A kobold comes into view. It is wielding a +0 club.
An endoplasm comes into view.
The kobold shouts!
You hit the rat.
You kill the rat!
You hear an angry hiss.
You barely miss the hobgoblin.
The hobgoblin hits you but does no damage.
You closely miss the hobgoblin.
A ball python comes into view.
The hobgoblin barely misses you.
You miss the frilled lizard. Your punch misses the frilled lizard.
The frilled lizard closely misses you. The hobgoblin hits you.
You hit the frilled lizard.
You kill the frilled lizard!
The goblin completely misses you. The hobgoblin closely misses you.
You completely miss the hobgoblin. The goblin hits you with a +0 club.
The hobgoblin hits you but does no damage.
You hit the endoplasm.
The endoplasm is severely wounded.
A ball python comes into view.
The endoplasm freezes you.
You are frozen.
The goblin misses you. The hobgoblin closely misses you.
The kobold closely misses you.
The ball python hisses angrily.
You hit the endoplasm.
You kill the endoplasm!
The goblin hits you with a +0 club. The hobgoblin hits you.
The kobold hits you with a +0 dagger.
* * * LOW HITPOINT WARNING * * *
An endoplasm comes into view.
A hobgoblin comes into view.
The hobgoblin shouts!
The kobold hits you with a +0 club.
You die...

.......... ######.........
##..............
.#...............
...............>.. #.
.................. ###.
.....>............. ...
##.......S@#######. #.
.........K.g.......#######.
........ggK##..####........
......†....# .............
#...S.....# ####........
....?......########.......#
J.........................#
#...............###.......#
#........##..##....########


You could see 2 hobgoblins, a goblin, 2 ball pythons and 2 kobolds.

Vanquished Creatures
  A ball python (D:1)
  An endoplasm (D:1)
  2 frilled lizards (D:1)
  2 rats (D:1)
6 creatures vanquished.

Notes
Turn   | Place    | Note
-------+----------+-------------------------------------------
     0 | D:1      | Alarkh the Demonspawn Gladiator began the quest for the
                  | Orb.
     0 | D:1      | Reached XP level 1. HP: 16/16 MP: 1/1
    75 | D:1      | Slain by a kobold

Illustrated notes

Levels and vault maps discovered:
D:1:      kennysheep_arrival_seaside, layout_rooms, minmay_pentomino_s4

Action                   || total
-------------------------++-------
Melee: Unarmed           ||    15
Armor: Leather armour    ||     3
Dodge: Dodged            ||    10

Table legend: (Time is in decaauts)
 A = Elapsed time spent in this place.
 B = Non-inter-level travel time spent in this place.
 C = Inter-level travel time spent in this place.
 D = Time resting spent in this place.
 E = Time spent auto-exploring this place.
 F = Levels seen in this place.
 G = Mean time per level.
                   A        B        C        D        E       F      G
               +--------+--------+--------+--------+--------+-----+--------+
         Total |     74 |     74 |      0 |      0 |     40 |   1 |   74.0 |
       Dungeon |     74 |     74 |      0 |      0 |     40 |   1 |   74.0 |
               +--------+--------+--------+--------+--------+-----+--------+

Top non-repeatable levels by time:
     D:1: 74 daAuts
